Workbook

Sheet 書目連結
A1: 書名 | B1: 網址 | C1: M_ID | D1: 連結網址 | J1: 公式
A2: 看見自己．看清世界 | B2: https://webpac.tphcc.gov.tw/webpac/content.cfm?mid= | C2: 982389 | D2: =B2&C2 -> https://webpac.tphcc.gov.tw/webpac/content.cfm?mid=982389 | J2: Hyperlink | K2: (文字有連結網址)
A3: 噩盡島 | B3: https://webpac.tphcc.gov.tw/webpac/content.cfm?mid= | C3: 529567 | D3: =B3&C3 -> https://webpac.tphcc.gov.tw/webpac/content.cfm?mid=529567 | J3: link_location:選擇書目連結
A4: 花開了 | B4: https://webpac.tphcc.gov.tw/webpac/content.cfm?mid= | C4: 567754 | D4: =B4&C4 -> https://webpac.tphcc.gov.tw/webpac/content.cfm?mid=567754 | J4: Friendly_name:選擇書名(顯示文字)
A5: 月亮忘記了 | B5: https://webpac.tphcc.gov.tw/webpac/content.cfm?mid= | C5: 128562 | D5: =B5&C5 -> https://webpac.tphcc.gov.tw/webpac/content.cfm?mid=128562
A6: 我家有個風火輪 | B6: https://webpac.tphcc.gov.tw/webpac/content.cfm?mid= | C6: 575960 | D6: =B6&C6 -> https://webpac.tphcc.gov.tw/webpac/content.cfm?mid=575960
A7: 吃對營養，享瘦健康 | B7: https://webpac.tphcc.gov.tw/webpac/content.cfm?mid= | C7: 426639 | D7: =B7&C7 -> https://webpac.tphcc.gov.tw/webpac/content.cfm?mid=426639
A8: 彼拉提斯入門學習百科 | B8: https://webpac.tphcc.gov.tw/webpac/content.cfm?mid= | C8: 334164 | D8: =B8&C8 -> https://webpac.tphcc.gov.tw/webpac/content.cfm?mid=334164
A9: 沒有我們的世界 | B9: https://webpac.tphcc.gov.tw/webpac/content.cfm?mid= | C9: 390202 | D9: =B9&C9 -> https://webpac.tphcc.gov.tw/webpac/content.cfm?mid=390202
A10: 排毒舒食盛宴 | B10: https://webpac.tphcc.gov.tw/webpac/content.cfm?mid= | C10: 555101 | D10: =B10&C10 -> https://webpac.tphcc.gov.tw/webpac/content.cfm?mid=555101
A11: 圖像醫藥文化史 | B11: https://webpac.tphcc.gov.tw/webpac/content.cfm?mid= | C11: 311388 | D11: =B11&C11 -> https://webpac.tphcc.gov.tw/webpac/content.cfm?mid=311388
A12: 日日 | B12: https://webpac.tphcc.gov.tw/webpac/content.cfm?mid= | C12: 663008 | D12: =B12&C12 -> https://webpac.tphcc.gov.tw/webpac/content.cfm?mid=663008
A13: 不便利的便利店 | B13: https://webpac.tphcc.gov.tw/webpac/content.cfm?mid= | C13: 1020866 | D13: =B13&C13 -> https://webpac.tphcc.gov.tw/webpac/content.cfm?mid=1020866
A14: 被討厭的勇氣 | B14: https://webpac.tphcc.gov.tw/webpac/content.cfm?mid= | C14: 599462 | D14: =B14&C14 -> https://webpac.tphcc.gov.tw/webpac/content.cfm?mid=599462
A15: 獵命師傳奇 | B15: https://webpac.tphcc.gov.tw/webpac/content.cfm?mid= | C15: 547892 | D15: =B15&C15 -> https://webpac.tphcc.gov.tw/webpac/content.cfm?mid=547892
A16: 日月當空 | B16: https://webpac.tphcc.gov.tw/webpac/content.cfm?mid= | C16: 576428 | D16: =B16&C16 -> https://webpac.tphcc.gov.tw/webpac/content.cfm?mid=576428
... A101: 別對每件事都有反應 | B101: https://webpac.tphcc.gov.tw/webpac/content.cfm?mid= | C101: 1072310 | D101: =B101&C101 -> https://webpac.tphcc.gov.tw/webpac/content.cfm?mid=1072310

Sheet 11404紙本書借閱排行榜
A1: 新北市立圖書館114年4月份熱門借閱排行榜
A2: 統計期間114年4月1日~114年4月30日
A3: 排行名次 | B3: ISBN | C3: 書名 | D3: 作者 | E3: 出版社 | F3: 借閱次數 | G3: 類別(圖書、電子書)
A4: 1 | B4: 9789576085161 | C4: =HYPERLINK(書目連結!D2,書目連結!A2) -> 看見自己．看清世界 | D4: 蘇蔡彩秋 | E4: 愛智圖書有限公司 | F4: 843 | G4: 紙本書
A5: 2 | B5: 9789866473395 | C5: =HYPERLINK(書目連結!D3,書目連結!A3) -> 噩盡島 | D5: 莫仁(Moren) | E5: 聯合發行總經銷 | F5: 372 | G5: 紙本書
A6: 3 | B6: 9789866948299 | C6: =HYPERLINK(書目連結!D4,書目連結!A4) -> 花開了 | D6: 孫梓評 | E6: 天下雜誌股份有限公司 | F6: 291 | G6: 紙本書
A7: 4 | B7: 9577452434 | C7: =HYPERLINK(書目連結!D5,書目連結!A5) -> 月亮忘記了 | D7: 幾米 | E7: 格林文化 | F7: 284 | G7: 紙本書
A8: 5 | B8: 9789866948275 | C8: =HYPERLINK(書目連結!D6,書目連結!A6) -> 我家有個風火輪 | D8: 周瑞萍(Rae) | E8: 大和總經銷 | F8: 273 | G8: 紙本書
A9: 6 | B9: 9789866379093 | C9: =HYPERLINK(書目連結!D7,書目連結!A7) -> 吃對營養，享瘦健康 | D9: Funfack, Wolf | E9: 原水出版 | F9: 218 | G9: 紙本書
A10: 7 | B10: 9867415922 | C10: =HYPERLINK(書目連結!D8,書目連結!A8) -> 彼拉提斯入門學習百科 | D10: Ungaro, Alycea | E10: 家庭傳媒城邦分公司發行 | F10: 217 | G10: 紙本書
A11: 8 | B11: 9789866973758 | C11: =HYPERLINK(書目連結!D9,書目連結!A9) -> 沒有我們的世界 | D11: Weisman, Alan | E11: 木馬出版 | F11: 212 | G11: 紙本書
A12: 9 | B12: 9789862415368 | C12: =HYPERLINK(書目連結!D10,書目連結!A10) -> 排毒舒食盛宴 | D12: 周書羽 | E12: 天下雜誌股份有限公司 | F12: 212 | G12: 紙本書
A13: 10 | B13: 9572991523 | C13: =HYPERLINK(書目連結!D11,書目連結!A11) -> 圖像醫藥文化史 | D13: Karger-Decker, Bernt | E13: 家庭傳媒城邦分公司發行 | F13: 203 | G13: 紙本書
A14: 11 | B14: 9789868781764 | C14: =HYPERLINK(書目連結!D12,書目連結!A12) -> 日日 | D14: 王筱玲 | E14: 大鴻藝術出版 | F14: 133 | G14: 紙本書
A15: 12 | B15: 9786269593842 | C15: =HYPERLINK(書目連結!D13,書目連結!A13) -> 不便利的便利店 | D15: 金浩然 | E15: 寂寞出版股份有限公司 | F15: 129 | G15: 紙本書
A16: 13 | B16: 9789861371955 | C16: =HYPERLINK(書目連結!D14,書目連結!A14) -> 被討厭的勇氣 | D16: 古賀史健 | E16: 究竟出版社股份有限公司 | F16: 119 | G16: 紙本書
A17: 14 | B17: 9789863190042 | C17: =HYPERLINK(書目連結!D15,書目連結!A15) -> 獵命師傳奇 | D17: 九把刀(Giddens) | E17: 聯合發行總經銷 | F17: 117 | G17: 紙本書
A18: 15 | B18: 9789571356778 | C18: =HYPERLINK(書目連結!D16,書目連結!A16) -> 日月當空 | D18: 黃易 | E18: 時報文化出版企業股份有限公司 | F18: 116 | G18: 紙本書
A19: 16 | B19: 9789579614160 | C19: =HYPERLINK(書目連結!D17,書目連結!A17) -> 凶宅筆記 | D19: 花磊 | E19: 知翎文化 | F19: 99 | G19: 紙本書
A20: 17 | B20: 9789573329176 | C20: =HYPERLINK(書目連結!D18,書目連結!A18) -> 我就是忍不住笑了 | D20: 侯文詠 | E20: 皇冠文化出版有限公司 | F20: 98 | G20: 紙本書
A21: 18 | B21: 9789888154876 | C21: =HYPERLINK(書目連結!D19,書目連結!A19) -> 東京旅遊全攻略 | D21: 鄭兆臻 | E21: 正文社出版 | F21: 92 | G21: 紙本書
A22: 19 | B22: 9789862722862 | C22: =HYPERLINK(書目連結!D20,書目連結!A20) -> 這樣做，大腦愈用愈聰明 | D22: 哈威爾(Howell, Kelly) | E22: 商周出版 | F22: 91 | G22: 紙本書
A23: 20 | C23: =HYPERLINK(書目連結!D21,書目連結!A21) -> 世界博物館巡禮週刊 | E23: 大地地理出版 | F23: 90 | G23: 紙本書
A24: 21 | B24: 9789869166300 | C24: =HYPERLINK(書目連結!D22,書目連結!A22) -> 日本窩荷利 : 薇薇鴨的大阪打工度假，事前申請 | D24: 薇薇鴨 | E24: 帕斯頓數位多媒體出版 | F24: 90 | G24: 紙本書
A25: 22 | B25: 4715243776860 | C25: =HYPERLINK(書目連結!D23,書目連結!A23) -> 天地明環 | D25: 黃易 | E25: 蓋亞文化有限公司 | F25: 90 | G25: 紙本書
A26: 23 | B26: 9789863491385 | C26: =HYPERLINK(書目連結!D24,書目連結!A24) -> 北海道玩全指南 | D26: 吳秀雲 | E26: 宏碩出版 | F26: 87 | G26: 紙本書
A27: 24 | B27: 9789866228629 | C27: =HYPERLINK(書目連結!D25,書目連結!A25) -> 驚人の視力回復眼球操 | D27: 中川和宏 | E27: 采實文化事業有限公司 | F27: 86 | G27: 紙本書
A28: 25 | B28: 9789860628159 | C28: =HYPERLINK(書目連結!D26,書目連結!A26) -> 我還是被迫從這裡離去 | D28: 吳定哲 | E28: 台灣遊讀會股份有限公司 | F28: 85 | G28: 紙本書
A29: 26 | B29: 9786269561827 | C29: =HYPERLINK(書目連結!D27,書目連結!A27) -> 還在 | D29: 陳昱文 | E29: 島座放送 | F29: 85 | G29: 紙本書
A30: 27 | B30: 9789863490494 | C30: =HYPERLINK(書目連結!D28,書目連結!A28) -> 第一次自助遊京都超簡單 | E30: 宏碩出版 | F30: 84 | G30: 紙本書
A31: 28 | B31: 9786267412008 | C31: =HYPERLINK(書目連結!D29,書目連結!A29) -> 全知讀者視角 | D31: sing N song | E31: 星巡文化有限公司 | F31: 84 | G31: 紙本書
A32: 29 | B32: 9789866472794 | C32: =HYPERLINK(書目連結!D30,書目連結!A30) -> 內經呼吸養生法 | D32: 湛若水 | E32: 商周出版 | F32: 82 | G32: 紙本書
A33: 30 | B33: 9789865824723 | C33: =HYPERLINK(書目連結!D31,書目連結!A31) -> 逢澤理玖 | D33: 丁世佳 | E33: 新經典圖文傳播出版 | F33: 82 | G33: 紙本書
A34: 31 | B34: 9573203596 | C34: =HYPERLINK(書目連結!D32,書目連結!A32) -> 德川家康全傳 | D34: 丁小芠 | E34: 遠流 | F34: 81 | G34: 紙本書
A35: 32 | B35: 9789868925748 | C35: =HYPERLINK(書目連結!D33,書目連結!A33) -> 拒當下流老人的退休理財計劃 | D35: 何宗岳 | E35: 凱達節能科技有限公司 | F35: 81 | G35: 紙本書
A36: 33 | B36: 9789571078700 | C36: =HYPERLINK(書目連結!D34,書目連結!A34) -> 武動乾坤 | D36: 天蠶土豆 | E36: 尖端出版 | F36: 80 | G36: 紙本書
A37: 34 | B37: 9786263296565 | C37: =HYPERLINK(書目連結!D35,書目連結!A35) -> 老公怎麼還不去死 | D37: 小林美希 | E37: 台灣東販股份有限公司 | F37: 80 | G37: 紙本書
A38: 35 | B38: 9789578037939 | C38: =HYPERLINK(書目連結!D36,書目連結!A36) -> 要養生，先養心 | D38: 陳保羅 | E38: 平安文化有限公司 | F38: 78 | G38: 紙本書
A39: 36 | B39: 9789868549579 | C39: =HYPERLINK(書目連結!D37,書目連結!A37) -> 養生16宜 | D39: 吳宏乾 | E39: 今周刊出版 | F39: 76 | G39: 紙本書
A40: 37 | B40: 9789576587399 | C40: =HYPERLINK(書目連結!D38,書目連結!A38) -> 蛤蟆先生去看心理師 | D40: 狄保德(Robert de Board) | E40: 三采文化股份有限公司 | F40: 75 | G40: 紙本書
A41: 38 | B41: 9789863190899 | C41: =HYPERLINK(書目連結!D39,書目連結!A39) -> 龍戰在野 | D41: 黃易 | E41: 蓋亞文化有限公司 | F41: 74 | G41: 紙本書
A42: 39 | B42: 9789864061419 | C42: =HYPERLINK(書目連結!D40,書目連結!A40) -> 你好，我是接體員 | D42: 大師兄 | E42: 寶瓶文化事業股份有限公司 | F42: 74 | G42: 紙本書
... A49: 46 | B49: 9578942435 | C49: =HYPERLINK(書目連結!D47,書目連結!A47) -> 增進記憶力手冊 | D49: 多湖輝 | E49: 新苗 | F49: 70 | G49: 紙本書
A50: 47 | B50: 9571005096 | C50: =HYPERLINK(書目連結!D48,書目連結!A48) -> 創龍傳 | E50: 尖端出版 | F50: 70 | G50: 紙本書
A51: 48 | B51: 9789571337371 | C51: =HYPERLINK(書目連結!D49,書目連結!A49) -> 大唐雙龍傳修訂版 | D51: 黃易 | E51: 時報文化出版企業股份有限公司 | F51: 70 | G51: 紙本書
A52: 49 | B52: 957621419X | C52: =HYPERLINK(書目連結!D50,書目連結!A50) -> 大腦如何思考 | D52: 卡爾文 | E52: 遠見天下文化出版股份有限公司 | F52: 68 | G52: 紙本書
A53: 50 | B53: 9789861755267 | C53: =HYPERLINK(書目連結!D51,書目連結!A51) -> 原子習慣 | D53: 克利爾(Clear, James) | E53: 方智出版社股份有限公司 | F53: 68 | G53: 紙本書
A54: 51 | B54: 9789864062416 | C54: =HYPERLINK(書目連結!D52,書目連結!A52) -> 火來了，快跑 | D54: 大師兄 | E54: 寶瓶文化事業股份有限公司 | F54: 67 | G54: 紙本書
A55: 52 | B55: 9789869800570 | C55: =HYPERLINK(書目連結!D53,書目連結!A53) -> 我想跟你好好說話 | D55: 賴佩霞 | E55: 早安財經文化有限公司 | F55: 66 | G55: 紙本書
A56: 53 | B56: 9789574903481 | C56: =HYPERLINK(書目連結!D54,書目連結!A54) -> 帶著童書去旅行 | D56: 謝依玲 | E56: 天衛 | F56: 65 | G56: 紙本書
A57: 54 | B57: 9789863491347 | C57: =HYPERLINK(書目連結!D55,書目連結!A55) -> 跳上巴士，京都最對味的玩法 | D57: Stella Huang | E57: 宏碩出版 | F57: 65 | G57: 紙本書
A58: 55 | B58: 9789573317241 | C58: =HYPERLINK(書目連結!D56,書目連結!A56) -> 哈利波特 : 神秘的魔法石 | D58: 彭倩文 | E58: 皇冠文化出版有限公司 | F58: 64 | G58: 紙本書
A59: 56 | C59: =HYPERLINK(書目連結!D57,書目連結!A57) -> 土．台灣．當代陶藝展 | D59: 吳進風 | E59: 北縣鶯歌陶瓷博物館 | F59: 64 | G59: 紙本書
A60: 57 | C60: =HYPERLINK(書目連結!D58,書目連結!A58) -> 庾信 | D60: 金性堯 | E60: 地球出版社 | F60: 64 | G60: 紙本書
A61: 58 | B61: 9575836561 | C61: =HYPERLINK(書目連結!D59,書目連結!A59) -> 心靈雞湯 | D61: 坎菲爾(Canfield, Jack) | E61: 晨星出版社 | F61: 64 | G61: 紙本書
A62: 59 | B62: 9789864063086 | C62: =HYPERLINK(書目連結!D60,書目連結!A60) -> 孝子 | D62: 大師兄 | E62: 寶瓶文化事業股份有限公司 | F62: 64 | G62: 紙本書
A63: 60 | B63: 9789861993089 | C63: =HYPERLINK(書目連結!D61,書目連結!A61) -> 那年夏天福島記憶 | D63: 卡普西 | E63: 城邦發行 | F63: 62 | G63: 紙本書
A64: 61 | B64: 9786263550537 | C64: =HYPERLINK(書目連結!D62,書目連結!A62) -> 致富心態 | D64: 周玉文 | E64: 遠見天下文化出版股份有限公司 | F64: 62 | G64: 紙本書
A65: 62 | B65: 9575574559 | C65: =HYPERLINK(書目連結!D63,書目連結!A63) -> 藥草的自然療法 | D65: 李玉瓊 | E65: 大展 | F65: 61 | G65: 紙本書
A66: 63 | B66: 9789863191711 | C66: =HYPERLINK(書目連結!D64,書目連結!A64) -> 特殊傳說 | D66: 紅麟 | E66: 蓋亞文化有限公司 | F66: 61 | G66: 紙本書
A67: 64 | B67: 9789575228132 | C67: =HYPERLINK(書目連結!D65,書目連結!A65) -> 愛的協奏曲 | D67: 簡宛 | E67: 聯合文學出版 | F67: 60 | G67: 紙本書
A68: 65 | B68: 9789865956233 | C68: =HYPERLINK(書目連結!D66,書目連結!A66) -> 給每天都在重蹈覆轍的你 | D68: 嚴可婷 | E68: 大雁發行 | F68: 60 | G68: 紙本書
A69: 66 | B69: 9789862414378 | C69: =HYPERLINK(書目連結!D67,書目連結!A67) -> 交個朋友吧 | D69: 侯姆斯(Holmes, Julia) | E69: 大和總經銷 | F69: 60 | G69: 紙本書
A70: 67 | B70: 9789863490418 | C70: =HYPERLINK(書目連結!D68,書目連結!A68) -> 九州玩全指南 | D70: 林惠櫻 | E70: 宏碩出版 | F70: 60 | G70: 紙本書
A71: 68 | B71: 9789865519995 | C71: =HYPERLINK(書目連結!D69,書目連結!A69) -> ETF實戰週記 | D71: 施昇輝 | E71: 商業周刊 | F71: 60 | G71: 紙本書
A72: 69 | B72: 9867537858 | C72: =HYPERLINK(書目連結!D70,書目連結!A70) -> 大長今 | D72: 柳敏珠 | E72: 城邦文化發行 | F72: 59 | G72: 紙本書
... A103: 100 | B103: 9789865102647 | C103: =HYPERLINK(書目連結!D101,書目連結!A101) -> 別對每件事都有反應 | D103: 枡野俊明 | E103: 精誠資訊股份有限公司 悅知文化 | F103: 57 | G103: 紙本書
E105: 資料來源：新北市立圖書館

Sheet 11404電子書借閱排行榜
A1: 新北市立圖書館114年4月份熱門借閱排行榜
A2: 統計期間114年4月1日~114年4月30日
A3: 排行名次 | B3: ISBN | C3: 書名 | D3: 作者 | E3: 出版社 | F3: 借閱次數 | G3: 類別(圖書、電子書)
A4: 1 | B4: 978-986-134-444-7 EPUB ; 986-134-444-6 EPUB ; 978-986-134-445-4 ; 986-134-445-4 | C4: 我可能錯了:森林智者的最後一堂人生課 | D4: 比約恩.納提科.林德布勞(Björn Natthiko Lindeblad), 卡洛琳.班克勒(Caroline Bankler), 納維德.莫迪里(Navid Modiri)著 | E4: 先覺 | F4: 480 | G4: 電子書
A5: 2 | B5: 978-986-175-526-7 ; 986-175-526-8 | C5: 原子習慣:細微改變帶來巨大成就的實證法則 | D5: 詹姆斯.克利爾(James Clear)作;蔡世偉譯 | E5: 方智 | F5: 382 | G5: 電子書
A6: 3 | B6: 978-957-658-762-7 EPUB ; 957-658-762-X EPUB ; 978-957-658-739-9 ; 957-658-739-5 | C6: 蛤蟆先生去看心理師 | D6: 羅伯.狄保德(Robert de Board)著 | E6: 三采文化 | F6: 342 | G6: 電子書
A7: 4 | B7: 978-626-7252-70-3 EPUB ; 626-7252-70-1 EPUB ; 978-626-7252-69-7 PDF ; 626-7252-69-8 PDF ; 978-626-7252-71-0 ; 626-7252-71-X | C7: 持續買進:資料科學家的投資終極解答, 存錢及致富的實證方法 | D7: 尼克.馬朱利(Nick Maggiulli)著 | E7: 商業周刊 | F7: 303 | G7: 電子書
A8: 5 | B8: 978-626-335-075-5 EPUB ; 626-335-075-X EPUB ; 978-626-335-074-8 PDF ; 626-335-074-1 PDF ; 978-626-335-071-7 ; 626-335-071-7 | C8: 底層邏輯:看清這個世界的底牌 | D8: 劉潤著 | E8: 時報文化出版企業股份有限公司 | F8: 290 | G8: 電子書
A9: 6 | B9: 978-986-7778-57-4 ; 986-7778-57-X | C9: 窮查理的普通常識:巴菲特50年智慧合夥人查理.蒙格的人生哲學 | D9: 查理.蒙格(Charles T. Munger)著 | E9: 城邦文化, 商業周刊 | F9: 164 | G9: 電子書
A10: 7 | B10: 978-986-942-264-2 ; 986-94226-4-0 | C10: 投資最重要的事:一本股神巴菲特讀了兩遍的書 | D10: 霍華.馬克斯(Howard Marks)著 | E10: 商業周刊 | F10: 159 | G10: 電子書
A11: 8 | B11: 978-626-355-642-3 EPUB ; 626-355-642-0 EPUB ; 978-626-355-643-0 PDF ; 626-355-643-9 PDF ; 978-626-355-637-9 ; 626-355-637-4 | C11: 一如既往:不變的人性法則與致富心態 | D11: 摩根. 豪瑟(Morgan Housel)著 | E11: 天下文化 | F11: 137 | G11: 電子書
A12: 9 | B12: 978-626-96733-1-5 EPUB ; 626-96733-1-3 EPUB ; 978-626-96733-0-8 ; 626-96733-0-5 | C12: 米奇7號 | D12: 愛德華.艾希頓(Edward Ashton)著 | E12: 寂寞 | F12: 128 | G12: 電子書
A13: 10 | B13: 978-986-479-312-9 ; 986-479-312-8 | C13: 漫步華爾街:超越股市漲跌的成功投資策略 | D13: 墨基爾(Burton G. Malkiel)著 | E13: 遠見天下文化出版 大和書報圖書總經銷 | F13: 115 | G13: 電子書
A14: 11 | B14: 978-626-7195-18-5 EPUB ; 626-7195-18-X EPUB ; 978-626-7195-17-8 ; 626-7195-17-1 | C14: 多巴胺國度:在縱慾年代找到身心平衡 | D14: 安娜.蘭布克醫師(Dr. Anna Lembke)著 | E14: 經濟新潮社 | F14: 107 | G14: 電子書
A15: 12 | B15: 978-626-7244-06-7 EPUB ; 626-7244-06-7 EPUB ; 978-626-7244-05-0 PDF ; 626-7244-05-9 PDF ; 978-626-7244-03-6 ; 626-7244-03-2 | C15: 心流:高手都在研究的最優體驗心理學(繁體中文唯一全譯本) | D15: 米哈里.契克森米哈伊 著 | E15: 行路 | F15: 104 | G15: 電子書
... A17: 14 | B17: 978-986-136-564-0 ; 986-136-564-8 | C17: 發現你的天職:三大步驟, 讓你選系、就業、轉職或創業不再迷惘 | D17: 八木仁平作 | E17: 如何 | F17: 98 | G17: 電子書
A18: 15 | B18: 9789573295594 | C18: 華爾街操盤手給年輕人的15堂理財課 | D18: 闕又上 | E18: 遠流出版事業股份有限公司 | F18: 96 | G18: 電子書
A19: 16 | B19: 9786264141468 | C19: ChatGPT超級應用：讓AI幫你處理課業、生活、職場大小事(第三版) | D19: 吳燦銘 | E19: 博碩文化股份有限公司 | F19: 93 | G19: 電子書
A20: 17 | B20: 9786263499010 | C20: 超級思維【暢銷經典版．隨書送「300款心智模式大全隨行本】 - 跨界、跨域、跨能，突破思考盲點，提升解決能力的心智模式大全 | D20: 蓋布瑞．溫伯格（Gabriel Weinberg）、蘿倫．麥肯（Lauren McCann） | E20: 采實文化事業股份有限公司 | F20: 91 | G20: 電子書
A21: 18 | C21: 尋俠記之夢起江湖 | D21: 晨間一書蟲 | E21: 博碩文化股份有限公司 | F21: 76 | G21: 電子書
A22: 19 | C22: 尋俠記之夢起江湖（二） | D22: 晨間一書蟲 | E22: 博碩文化股份有限公司 | F22: 76 | G22: 電子書
A23: 20 | B23: 978-626-7317-61-7 EPUB ; 626-7317-61-7 EPUB ; 978-626-7317-55-6 ; 626-7317-55-2 | C23: 創造力的修行 | D23: 里克.魯賓 Rick Rubin 著 | E23: 大塊文化 | F23: 70 | G23: 電子書
A24: 21 | B24: 978-986-175-460-4 ; 986-175-460-1 | C24: 刻意練習:原創者全面解析, 比天賦更關鍵的學習法 | D24: 安德斯.艾瑞克森(Anders Ericsson), 羅伯特.普爾(Robert Pool)著 | E24: 方智 | F24: 68 | G24: 電子書
A25: 22 | B25: 978-986-134-474-4 EPUB ; 986-134-474-8 EPUB ; 978-986-134-475-1 ; 986-134-475-6 | C25: 40歲起的人生課:解鎖真正人生, 化解焦慮的力量之書 | D25: 金美敬(김미경)著 | E25: 先覺 | F25: 67 | G25: 電子書
A26: 23 | B26: 9789865077112 | C26: 美國第一健身強人，給女生的科學化鍛鍊全書 - 重訓×飲食，12週有效訓練，女生也能練出精實肌肉 | D26: 麥可．馬修斯（Michael Matthews） | E26: 采實文化事業股份有限公司 | F26: 67 | G26: 電子書
A27: 24 | B27: 978-626-96733-9-1 EPUB ; 626-96733-9-9 EPUB ; 978-626-96733-8-4 ; 626-96733-8-0 | C27: 家弒服務 | D27: 芙麗達.麥法登(Freida McFadden)著 | E27: 寂寞 | F27: 67 | G27: 電子書
A28: 25 | B28: 978-986-06727-0-1 EPUB ; 986-06727-0-9 EPUB ; 978-986-98996-9-7 ; 986-98996-9-2 | C28: 原子時間:奇蹟的晚間4小時, 改變人生、收入翻倍, 社畜獸醫的時間管理實證 | D28: 柳韓彬(Ryu Hanbin)作 | E28: 寫樂文化有限公司 | F28: 64 | G28: 電子書
A29: 26 | B29: 9786263619333 | C29: 不知道自己以後要做什麼的請舉手：褚士瑩的21個人生提案 | D29: 褚士瑩 | E29: 遠流出版事業股份有限公司 | F29: 63 | G29: 電子書
A30: 27 | B30: 978-957-10-3964-0 ; 957-10-3964-0 | C30: 暮光之城 | D30: 史蒂芬妮.梅爾(Stephenie Meyer)作 | E30: 尖端 | F30: 61 | G30: 電子書
A31: 28 | B31: 978-957-741-692-6 EPUB ; 957-741-692-6 EPUB ; 978-957-741-640-7 ; 957-741-640-3 | C31: 小鎮醫生 | D31: 泰絲.格里森著 | E31: 春天出版 | F31: 60 | G31: 電子書
A32: 29 | B32: 978-626-7252-11-6 EPUB ; 626-7252-11-6 EPUB ; 978-626-7252-10-9 PDF ; 626-7252-10-8 PDF ; 978-626-7252-09-3 ; 626-7252-09-4 | C32: 打造第二大腦:多一個數位大腦, 資訊超載時代的高效能知識管理術 | D32: 提亞戈.佛特著 | E32: 商業周刊 | F32: 58 | G32: 電子書
A33: 30 | B33: 978-626-97541-6-8 EPUB ; 626-97541-6-X EPUB ; 978-626-97541-7-5 ; 626-97541-7-8 | C33: 詭畫連篇 | D33: 傑森. 雷庫拉克(Jason Rekulak)著 | E33: 寂寞 | F33: 57 | G33: 電子書
A34: 31 | B34: 9786269947652 | C34: 平凡無奇的每一天 | D34: 稻空穗 | E34: 十羽 | F34: 55 | G34: 電子書
A35: 32 | B35: 9789575033552 | C35: 神奇柑仔店 1：帶來幸福的錢天堂 | D35: 廣嶋玲子 | E35: 親子天下股份有限公司 | F35: 55 | G35: 電子書
A36: 33 | B36: 978-986-95067-2-4 ; 986-95067-2-0 | C36: 神明所教的60甲子籤詩解籤訣竅 | D36: 王崇禮著 | E36: 柿子文化 | F36: 55 | G36: 電子書
A37: 34 | B37: 978-626-355-015-5 EPUB ; 626-355-015-5 EPUB ; 978-626-355-012-4 PDF ; 626-355-012-0 PDF ; 978-626-355-011-7 ; 626-355-011-2 | C37: 踏實感的練習:走出過度努力的耗損, 打造持久的成功 | D37: 布萊德.史托伯格(Brad Stulberg)著 | E37: 天下文化 | F37: 55 | G37: 電子書
A38: 35 | B38: 978-986-175-466-6 ; 986-175-466-0 | C38: 醫療靈媒.改變生命的食物 | D38: 安東尼.威廉(Anthony William)作 | E38: 方智出版社股份有限公司 | F38: 55 | G38: 電子書
A39: 36 | B39: 978-626-7311-17-2 EPUB ; 626-7311-17-1 EPUB ; 978-626-7311-16-5 PDF ; 626-7311-16-3 PDF ; 978-626-7184-77-6 ; 626-7184-77-3 | C39: 這世界很煩，但你要很可愛. 2, 願我們歷經善惡，依舊少女無畏！ | D39: 萬特特等 著 | E39: 幸福文化 | F39: 53 | G39: 電子書
A40: 37 | B40: 978-957-13-7386-7 ; 957-13-7386-9 | C40: 起源 | D40: 丹.布朗(Dan Brown)作 | E40: 時報文化 | F40: 52 | G40: 電子書
A41: 38 | B41: 978-986-134-403-4 EPUB ; 986-134-403-9 EPUB ; 978-986-134-404-1 ; 986-134-404-7 | C41: 劉必榮談判精華課:33年經驗集大成, 上過這堂課, 視野、思維無限寬廣 | D41: 劉必榮作 | E41: 先覺出版股份有限公司 | F41: 52 | G41: 電子書
A42: 39 | B42: 978-986-342-580-9 EPUB ; 986-342-580-X EPUB ; 978-986-342-294-5 ; 986-342-294-0 | C42: 柳林風聲:年度暢銷書《蛤蟆先生去看心理師》故事原型，英國百年經典文學之作 | D42: 肯尼斯.葛拉罕(Kenneth Grahame) 著; 郭漁 改寫 | E42: 三采文化 | F42: 51 | G42: 電子書
A43: 40 | B43: 978-626-358-265-1 EPUB ; 626-358-265-0 EPUB ; 978-626-358-236-1 ; 626-358-236-7 | C43: 心很小 裝喜歡的事就好 | D43: 黃山料 著 | E43: 三采文化股份有限公司 | F43: 50 | G43: 電子書
A44: 41 | B44: 978-626-355-096-4 EPUB ; 626-355-096-1 EPUB ; 978-626-355-097-1 PDF ; 626-355-097-X PDF ; 978-626-355-092-6 ; 626-355-092-9 | C44: 與成功有約最後一堂課:柯維的向上心態 | D44: 史蒂芬.柯維(Stephen R. Covey), 辛希雅.柯維.海勒(Cynthia Covey Haller)著 | E44: 天下文化 | F44: 50 | G44: 電子書
A45: 42 | B45: 978-957-741-662-9 EPUB ; 957-741-662-4 EPUB ; 978-957-741-544-8 ; 957-741-544-X | C45: 木曜日適合來杯可可亞 | D45: 青山美智子著 | E45: 春天出版 | F45: 48 | G45: 電子書
A46: 43 | B46: 978-986-96447-3-0 ; 986-96447-3-2 | C46: 股票作手回憶錄:超越時代的投資傳奇 無可取代的作手操盤聖經 | D46: 埃德溫.勒菲弗(Edwin Lefèvre)著 | E46: 大牌出版 遠足文化發行 | F46: 48 | G46: 電子書
A47: 44 | B47: 978-626-96973-0-4 EPUB ; 626-96973-0-1 EPUB ; 978-626-96327-9-4 PDF ; 626-96327-9-X PDF ; 978-626-96327-8-7 ; 626-96327-8-1 | C47: 上流教養:當紐約豪門家教遇上第五大道的佛洛伊德 | D47: 布萊絲.葛羅斯伯格 著 | E47: 潮浪文化 | F47: 47 | G47: 電子書
... A51: 48 | B51: 978-626-7266-28-1 PDF ; 626-7266-28-1 PDF ; 978-626-7266-22-9 ; 626-7266-22-2 | C51: 越愛越痛?我們的關係出了什麼錯?:重新檢視依附關係難題，打破惡性循環並重建親密感的伴侶諮商自助指南 | D51: 石瀝新著 | E51: 今周刊出版社股份有限公司出版 | F51: 46 | G51: 電子書
A52: 49 | B52: 9786267641286 | C52: 大人系聰明心理學：50個趣味心理學培養成長心態，找回生活掌控感 | D52: 許用會（허용회） | E52: 大好書屋 | F52: 45 | G52: 電子書
A53: 50 | B53: 978-986-479-110-1 ; 986-479-110-9 | C53: 貝佐斯傳:從電商之王到物聯網中樞, 亞馬遜成功的關鍵 | D53: 布萊德.史東(Brad Stone)著 | E53: 遠見天下文化出版 大和書報圖書總經銷 | F53: 45 | G53: 電子書
A54: 51 | B54: 978-626-7054-88-8 EPUB ; 626-7054-88-8 EPUB ; 978-626-7054-85-7 ; 626-7054-85-3 | C54: 神明便利商店. 1 | D54: 謝東霖作 | E54: 鏡文學股份有限公司出版 大和書報圖書股份有限公司總經銷 | F54: 45 | G54: 電子書
A55: 52 | B55: 978-986-137-389-8 EPUB ; 986-137-389-6 EPUB ; 978-986-137-388-1 ; 986-137-388-8 | C55: 厭世讀論語:千年名師神回覆, 開解你的人生疑難 | D55: 厭世國文老師作 | E55: 究竟出版社股份有限公司 | F55: 45 | G55: 電子書
A56: 53 | B56: 978-986-134-469-0 EPUB ; 986-134-469-1 EPUB ; 978-986-134-468-3 ; 986-134-468-3 | C56: 三千圓的用法:你的人生取決於你怎麼用這筆小錢 | D56: 原田比香著 | E56: 先覺 | F56: 44 | G56: 電子書
A57: 54 | B57: 978-986-175-708-7 EPUB ; 986-175-708-2 EPUB ; 978-986-175-704-9 ; 986-175-704-X | C57: 活出覺醒:歐普拉的床頭靈修書, 帶你超越生命困境 | D57: 麥克.辛格(Michael A. Singer)作 | E57: 方智出版社股份有限公司 | F57: 44 | G57: 電子書
A58: 55 | B58: 978-986-479-189-7 ; 986-479-189-3 | C58: 心態致勝:全新成功心理學 | D58: 卡蘿.杜維克(Carol S. Dweck)著 | E58: 遠見天下文化出版 大和書報圖書總經銷 | F58: 43 | G58: 電子書
A59: 56 | B59: 978-986-7645-53-1 ; 986-7645-53-7 | C59: 波克夏大學:巴菲特與窮查理30年的投資備忘錄 | D59: 丹尼爾.皮考特(Daniel Pecaut), 柯瑞.溫倫(Corey Wrenn)著 | E59: 大牌出版 遠足文化發行 | F59: 43 | G59: 電子書
A60: 57 | B60: 978-986-213-136-7 ; 986-213-136-5 | C60: 飢餓遊戲 | D60: 蘇珊.柯林斯(Suzanne Collins)著 | E60: 大塊文化 | F60: 43 | G60: 電子書
A61: 58 | B61: 978-957-741-637-7 EPUB ; 957-741-637-3 EPUB ; 978-957-741-609-4 ; 957-741-609-8 | C61: 52赫茲的鯨魚們 | D61: 町田苑香著 | E61: 春天出版 | F61: 42 | G61: 電子書
A62: 59 | B62: 978-986-91709-8-7 ; 986-91709-8-6 | C62: 人生複本 | D62: 布萊克.克勞奇(Blake Crouch)著 | E62: 寂寞 | F62: 42 | G62: 電子書
A63: 60 | B63: 978-986-525-472-8 PDF ; 986-525-472-7 PDF ; 978-986-525-471-1 EPUB ; 986-525-471-9 EPUB ; 978-986-525-404-9 ; 986-525-404-2 | C63: 不敗學習力:學霸都在用的10大聰明讀書法 | D63: 劉軒著 | E63: 遠見天下文化出版 大和書報圖書經銷 | F63: 42 | G63: 電子書
A64: 61 | B64: 978-957-741-663-6 EPUB ; 957-741-663-2 EPUB ; 978-957-741-533-2 ; 957-741-533-4 | C64: 在樹下傳達神諭的貓 | D64: 青山美智子著 | E64: 春天出版 | F64: 41 | G64: 電子書
A65: 62 | C65: 你要如何衡量你的人生?:哈佛商學院最重要的一堂課 | D65: 克里斯汀生(Clayton M. Christensen), 歐沃斯(James Allworth), 狄倫(Karen Dillon)著 | E65: 遠見天下文化出版 大和書報圖書總經銷 | F65: 41 | G65: 電子書
A66: 63 | B66: 978-986-342-645-5 EPUB ; 986-342-645-8 EPUB ; 978-957-658-979-9 ; 957-658-979-7 | C66: 餘生是你 晚點沒關係 | D66: 黃山料 著 | E66: 三采文化股份有限公司 | F66: 41 | G66: 電子書
A67: 64 | B67: 978-986-213-761-1 ; 986-213-761-4 | C67: 那不勒斯故事 | D67: 艾琳娜.斐蘭德(Elena Ferrante)著 | E67: 大塊文化出版 大和書報總經銷 | F67: 39 | G67: 電子書
A68: 65 | B68: 978-986-398-238-8 ; 986-398-238-5 | C68: 成功, 從聚焦一件事開始:不流失專注力的減法原則 | D68: 蓋瑞.凱勒(Gary Keller), 傑伊.巴帕森(Jay Papasan)著 | E68: 天下雜誌 | F68: 38 | G68: 電子書
A69: 66 | B69: 978-626-335-265-0 EPUB ; 626-335-265-5 EPUB ; 978-626-335-264-3 PDF ; 626-335-264-7 PDF ; 978-626-335-245-2 ; 626-335-245-0 | C69: 兒子使用說明書:在你放棄和兒子溝通之前, 請先看腦科學專家怎麼說 | D69: 黑川伊保子著 | E69: 時報文化出版企業股份有限公司 | F69: 38 | G69: 電子書
A70: 67 | B70: 978-626-7336-18-2 EPUB ; 626-7336-18-2 EPUB ; 978-626-7336-09-0 ; 626-7336-09-3 | C70: 知識複利筆記術:卡片盒筆記法的數位應用實戰指南 | D70: 朱騏著 | E70: 創意市集 | F70: 38 | G70: 電子書
A71: 68 | B71: 9786264181136 | C71: 麥肯錫瞬間專注技巧：掌握自己的「專注力容量」，快速完成工作與學習，表現更好，自由時間更多！ | D71: 大嶋祥譽 | E71: 遠流出版事業股份有限公司 | F71: 38 | G71: 電子書
A72: 69 | B72: 9786263611016 | C72: 我有一個關於不倫的，小問題 | D72: 許俐葳 | E72: 遠流出版事業股份有限公司 | F72: 37 | G72: 電子書
A73: 70 | B73: 978-957-741-639-1 EPUB ; 957-741-639-X EPUB ; 978-957-741-629-2 ; 957-741-629-2 | C73: 神明值日生執勤中 | D73: 青山美智子著 | E73: 春天出版 | F73: 37 | G73: 電子書
A74: 71 | B74: 978-957-32-8193-1 ; 957-32-8193-7 | C74: 情緒陰影:「心靈整合之父」榮格, 帶你認識內在原型, 享受情緒自由 | D74: 許皓宜著 | E74: 遠流 | F74: 37 | G74: 電子書
A75: 72 | B75: 9786267643143 | C75: 自己的腰痛，自己救！：骨科名醫傳授22運動Ｘ6動作Ｘ5姿勢，任何腰部不適都能解除 | D75: 久野木順一 | E75: 方言文化出版事業有限公司 | F75: 36 | G75: 電子書
A76: 73 | B76: 9786267641293 | C76: 活得漂亮！給中年後的我自己：優雅的日常打理，讓人閃閃發光的37個練習 | D76: 一田憲子 | E76: 大好書屋 | F76: 36 | G76: 電子書
A77: 74 | B77: 9786267405352 | C77: 勇敢踏上日文學習之路！ | D77: 春小姐 | E77: EZ叢書館 | F77: 35 | G77: 電子書
A78: 75 | B78: 978-626-7229-50-7 EPUB ; 626-7229-50-5 EPUB ; 978-626-7229-45-3 PDF ; 626-7229-45-9 PDF ; 978-626-7229-44-6 ; 626-7229-44-0 | C78: 神明便利商店. 2 | D78: 謝東霖著 | E78: 鏡文學 | F78: 35 | G78: 電子書
A79: 76 | B79: 978-986-133-713-5 ; 986-133-713-X | C79: 暖和和手套國 | D79: 小川糸著 | E79: 圓神 | F79: 35 | G79: 電子書
A80: 77 | B80: 978-626-305-373-1 EPUB ; 626-305-373-9 EPUB ; 978-626-305-359-5 ; 626-305-359-3 | C80: 達克比辦案. 12, 雨林縱火犯:生物多樣性與熱帶雨林生態系 | D80: 胡妙芬文;柯智元圖;彭永成達克比形象原創 | E80: 親子天下股份有限公司出版 大和圖書有限公司總經銷 | F80: 35 | G80: 電子書
A81: 78 | B81: 978-986-5498-03-0 EPUB ; 986-5498-03-0 EPUB | C81: 哆啦A夢. 第1包 | D81: 藤子.F.不二雄原作 | E81: 青文出版社 | F81: 34 | G81: 電子書
A82: 79 | B82: 978-626-305-599-5 EPUB ; 626-305-599-5 EPUB ; 978-626-305-579-7 ; 626-305-579-0 | C82: 神奇柑仔店. 16, 忍者薑片的正面對決 | D82: 廣嶋玲子, jyajya, 王蘊潔 著 | E82: 親子天下 | F82: 34 | G82: 電子書
A83: 80 | B83: 978-957-741-633-9 EPUB ; 957-741-633-0 EPUB ; 978-957-741-539-4 ; 957-741-539-3 | C83: 滿月貓咪咖啡店 | D83: 望月麻衣著 | E83: 春天出版 | F83: 34 | G83: 電子書
A84: 81 | B84: 978-626-358-245-3 EPUB ; 626-358-245-6 EPUB ; 978-626-358-246-0 ; 626-358-246-4 | C84: 幻日之時 | D84: 肆一 著 | E84: 三采文化股份有限公司 | F84: 32 | G84: 電子書
A85: 82 | B85: 9786263498983 | C85: 5分鐘致富練習 - 每天一個小覺察，預約財務自由的未來！ | D85: 江季芸 | E85: 采實文化事業股份有限公司 | F85: 31 | G85: 電子書
A86: 83 | B86: 978-986-500-341-8 ; 986-500-341-4 | C86: Github創辦人親自指導你精通Git | D86: Chacon Scott, Straub Ben著 | E86: 深石發行 | F86: 31 | G86: 電子書
A87: 84 | B87: 978-986-0769-28-9 EPUB ; 986-0769-28-1 EPUB ; 978-986-0769-13-5 ; 986-0769-13-3 | C87: 自律神經超圖解:身體怪怪的, 都是因為它?學會與最不受控的人體系統和平共處 | D87: 小林弘幸作 | E87: 創意市集出版 家庭傳媒城邦分公司發行 | F87: 31 | G87: 電子書
A88: 85 | B88: 978-986-137-421-5 EPUB ; 986-137-421-3 EPUB ; 978-986-137-427-7 ; 986-137-427-2 | C88: 不當世界的局外人:當世界充滿變數, 你需要不被帶風向的識讀力 | D88: 敏迪著 | E88: 究竟 | F88: 30 | G88: 電子書
A89: 86 | B89: 978-626-7052-69-3 EPUB ; 626-7052-69-9 EPUB ; 978-626-7052-68-6 PDF ; 626-7052-68-0 PDF ; 978-626-7052-61-7 ; 626-7052-61-3 | C89: 克里姆林宮的餐桌 | D89: 維特多.沙博爾夫斯基 著 | E89: 衛城出版 | F89: 30 | G89: 電子書
A90: 87 | B90: 9786267643075 | C90: 遠離！傷人傷己的情緒風暴：3步驟！修復「關係裂痕」，覺察「內在自我」，暖心醫師的情緒管理SOP，讓你活出自己喜歡的樣子 | D90: 水島廣子 | E90: 方言文化出版事業有限公司 | F90: 30 | G90: 電子書
A91: 88 | B91: 978-986-95517-8-6 ; 986-95517-8-5 | C91: 把結構力變習慣:結構訓練師教你如何運用待辦清單 從此不忙亂、不心煩、事半功倍 | D91: 大衛.史迪宏(David Stiernholm)著 | E91: 今周刊出版 大和書報總經銷 | F91: 29 | G91: 電子書
A92: 89 | B92: 978-957-658-324-7 ; 957-658-324-1 | C92: 男孩危機:偽單親、兩性失衡、缺乏競爭力, 兒子的未來正在崩解, 我們該如何出手相助? | D92: 華倫.法雷爾(Warren Farrell), 約翰.葛瑞(John Gray)著 | E92: 三采文化 | F92: 29 | G92: 電子書
A93: 90 | B93: 9786264180849 | C93: 誰能不在意別人的眼光？——通過「眼光」這一關，成為更好的自己 | D93: 朴世光 | E93: 遠流出版事業股份有限公司 | F93: 29 | G93: 電子書
A94: 91 | B94: 978-986-175-721-6 EPUB ; 986-175-721-X EPUB ; 978-986-175-722-3 ; 986-175-722-8 | C94: 學會整理, 就會喜歡自己:麻理惠的怦然心動居家生活 | D94: 近藤麻理惠著 | E94: 方智 | F94: 29 | G94: 電子書
A95: 92 | B95: 978-626-355-225-8 EPUB ; 626-355-225-5 EPUB ; 978-626-355-224-1 PDF ; 626-355-224-7 PDF ; 978-626-355-217-3 ; 626-355-217-4 | C95: 如何讓人改變想法:關於信念、觀點與說服技巧 | D95: 大衛·麥瑞尼著 | E95: 天下文化 | F95: 28 | G95: 電子書
A96: 93 | B96: 978-957-13-8892-2 EPUB ; 957-13-8892-0 EPUB ; 978-957-13-8893-9 PDF ; 957-13-8893-9 PDF ; 978-957-13-8894-6 ; 957-13-8894-7 | C96: 男人的愛情研究室:談一場不追不求的戀愛 | D96: Mr.P自信教練作 | E96: 時報文化出版企業股份有限公司 | F96: 28 | G96: 電子書
A97: 94 | B97: 978-986-479-348-8 ; 986-479-348-9 | C97: 為什麼你沒看見大猩猩?:教你擺脫六大錯覺的操縱 | D97: 克里斯.查布利斯(Christopher Chabris), 丹尼爾.西蒙斯(Daniel Simons)著 | E97: 遠見天下文化出版 大和書報圖書總經銷 | F97: 28 | G97: 電子書
A98: 95 | B98: 978-957-710-653-7 ; 957-710-653-6 | C98: 泰文字母聽.說.寫 [有聲書]:把泰語老師帶回家:31堂課看懂泰文說泰語! | D98: 黃則揚著 | E98: 笛藤發行 聯合發行總經銷 | F98: 28 | G98: 電子書
A99: 96 | B99: 978-957-503-983-7 EPUB ; 957-503-983-1 EPUB ; 978-957-503-970-7 ; 957-503-970-X ; | C99: 神奇柑仔店. 10, 順風耳軟糖的報應 | D99: 廣嶋玲子文 | E99: 親子天下出版 大和圖書總經銷 | F99: 28 | G99: 電子書
A100: 97 | B100: 978-957-503-212-8 PDF ; 957-503-212-8 PDF ; 978-986-241-831-4 ; 986-241-831-1 | C100: 達克比辦案. 2, 壞蛋的祕密:另類的動物育兒行為 | D100: 胡妙芬文;彭永成圖 | E100: 天下雜誌出版 大和圖書總經銷 | F100: 28 | G100: 電子書
A101: 98 | B101: 9786264180726 | C101: 獨活女子的守則 | D101: 朝井麻由美 | E101: 遠流出版事業股份有限公司 | F101: 28 | G101: 電子書
A102: 99 | B102: 978-626-355-050-6 EPUB ; 626-355-050-3 EPUB ; 978-626-355-049-0 PDF ; 626-355-049-X PDF ; 978-626-355-046-9 ; 626-355-046-5 | C102: 自成一派:只此一家，別無分號【電子書獨家-張曼娟親聲導讀】 | D102: 張曼娟著 | E102: 天下文化 | F102: 27 | G102: 電子書
A103: 100 | B103: 978-986-99313-2-8 ; 986-99313-2-4 | C103: 保養常識9成都是騙人的:終極x最強肌膚保養法 | D103: 落合博子著 | E103: 方舟文化出版 遠足文化發行 | F103: 27 | G103: 電子書
E105: 資料來源：新北市立圖書館
